 Dungeon Crawl Stone Soup version 0.29-a0-11-ga75d3d97ab (webtiles) character file.

Game seed: 885313451167092770

27 robertstho the Sneak (level 2, 0/13 HPs)
             Began as a Spriggan Earth Elementalist on Jan 28, 2022.
             Succumbed to a gnoll's poison
             ... on level 2 of the Dungeon.
             The game lasted 00:02:32 (1740 turns).

robertstho the Sneak (Spriggan Earth Elementalist)  Turns: 1740, Time: 00:02:33

Health: 0/13       AC:  2    Str:  4    XL:     2   Next: 93%
Magic:  1/7        EV: 17    Int: 16    God:
Gold:   96         SH:  0    Dex: 15    Spells: 7/8 levels left

rFire   . . .      SeeInvis +   h - staff of conjuration
rCold   . . .      Faith    .   (shield currently unavailable)
rNeg    . . .      Spirit   .   b - +0 robe
rPois   .          Reflect  .   (helmet restricted)
rElec   .          Harm     .   (no cloak)
rCorr   .          Rampage  .   (gloves unavailable)
Will    .....                   (boots unavailable)
Stlth   +++.......              (no amulet)
HPRegen 0.04/turn               (no ring)
MPRegen 0.10/turn               (no ring)

@: lethally poisoned (0 -> -8), flying, very quick
A: very small, no large weapons, unfitting armour, see invisible, speed 3
a: no special abilities


You were on level 2 of the Dungeon.
You visited 1 branch of the dungeon, and saw 2 of its levels.

You collected 96 gold pieces.

Inventory:

Hand Weapons
 a - a +0 dagger
Missiles
 c - 78 stones
Armour
 b - a +0 robe (worn)
Magical Staves
 h - a staff of conjuration (weapon)
Scrolls
 e - 3 scrolls of enchant armour {unknown}
 f - a scroll of teleportation {unknown}
 j - a scroll of silence {unknown}
Potions
 d - 2 potions of flight
 g - a potion of magic {unknown}
 i - a potion of mutation {unknown}


   Skills:
 + Level 0.2 Fighting
 * Level 2.7 Dodging
 * Level 3.8 Stealth
 * Level 3.6 Spellcasting
 + Level 1.3 Transmutations
 + Level 2.8 Earth Magic


You had 7 spell levels left.
You knew the following spells:

 Your Spells              Type           Power      Damage    Failure   Level
a - Sandblast             Erth           24%        2d8       5%          1

Your spell library contained the following spells:

 Spells                   Type           Power      Damage    Failure   Level
 Passwall                 Tmut/Erth      7%         N/A       11%         2
 Slow                     Hex            8%         N/A       17%         1
 Sublimation of Blood     Necr           2%         N/A       26%         2
 Stone Arrow              Conj/Erth      22%        3d8       28%         3
 Confusing Touch          Hex            2%         N/A       45%         3
 Ozocubu's Armour         Ice            2%         N/A       45%         3
 Tukima's Dance           Hex            2%         N/A       45%         3
 Vampiric Draining        Necr           2%         2d6       45%         3
 Petrify                  Tmut/Erth      9%         N/A       58%         4
 Anguish                  Hex/Necr       1%         N/A       86%         4
 Irradiate                Conj/Tmut      3%         3d14      98%         5
 Enfeeble                 Hex            1%         N/A       100%        7
 Ozocubu's Refrigeration  Ice            1%         4d5       100%        7


Dungeon Overview and Level Annotations

Branches:
Dungeon (2/15)

Altars:


Innate Abilities, Weirdness & Mutations

You are very small and have problems with some larger weapons.
You are too small for most types of armour.
You have supernaturally acute eyesight. (SInv)
You cover ground extremely quickly. (Speed+++)


Message History

Confirm with . or Enter, or press ? or * to list all spells.
Aiming: Sandblast (safe; 6% risk of failure)
Press: ? - help, Shift-Dir - straight line, f/p - gnoll
Aim: a gnoll, wielding a +0 spear (moderately wounded, 82% to hit)
The blast of sand misses the gnoll.
The gnoll closely misses you.
Unknown command.
Casting: Sandblast (safe; 6% risk of failure)
Confirm with . or Enter, or press ? or * to list all spells.
Aiming: Sandblast (safe; 6% risk of failure)
Press: ? - help, Shift-Dir - straight line, f/p - gnoll
Aim: a gnoll, wielding a +0 spear (moderately wounded, 82% to hit)
The blast of sand hits the gnoll.
The gnoll is severely wounded.
The gnoll hits you but does no damage.
Unknown command.
Casting: Sandblast (safe; 6% risk of failure)
Confirm with . or Enter, or press ? or * to list all spells.
Aiming: Sandblast (safe; 6% risk of failure)
Press: ? - help, Shift-Dir - straight line, f/p - gnoll
Aim: a gnoll, wielding a +0 spear (severely wounded, 82% to hit)
The blast of sand misses the gnoll.
Unknown command.
Casting: Sandblast (safe; 6% risk of failure)
Confirm with . or Enter, or press ? or * to list all spells.
Aiming: Sandblast (safe; 6% risk of failure)
Press: ? - help, Shift-Dir - straight line, f/p - gnoll
Aim: a gnoll, wielding a +0 spear (severely wounded, 82% to hit)
The blast of sand hits the gnoll.
You kill the gnoll!
The gnoll hits you from afar with a +0 spear of venom.
You are lethally poisoned!
You feel sick.
* * * LOW HITPOINT WARNING * * *
You feel sick.
* * * LOW HITPOINT WARNING * * *
You feel sick.
It was a potion of flight.
You feel very buoyant.
You fly up into the air.
You die...

.# #.# #.# ###### # #####.#
#############..... ..#.....# #
##..........#...... ##......###.#
#...........#...... ............#
#.@.........#.##...
#........######.########....#....
#..........).g...##### ######....
#.##.###.....#...#...########....
#. #.....#...#.#<##.......... #
#.....#####.####.######...
##...## #....#.# #... #...#
####.#.# ###... ############..#.#
#<####


You could see a gnoll.

Vanquished Creatures
  A gnoll (D:2)
  An endoplasm (D:1)
  A giant cockroach (D:1)
  A goblin (D:1)
  A hobgoblin (D:1)
  3 jackals (D:1)
  A quokka (D:1)
  A ball python (D:2)
  2 bats
  A kobold (D:1)
  5 rats
18 creatures vanquished.

Notes
Turn   | Place    | Note
-------+----------+-------------------------------------------
     0 | D:1      | robertstho the Spriggan Earth Elementalist began the quest
                  | for the Orb.
     0 | D:1      | Reached XP level 1. HP: 9/9 MP: 5/5
   569 | D:1      | Reached XP level 2. HP: 13/13 MP: 4/7
  1347 | D:1      | Found a faded altar of an unknown god.
  1740 | D:2      | Succumbed to a gnoll's poison

Illustrated notes

Levels and vault maps discovered:
D:1:      dpeg_arrival_another_circle, layout_basic,
          shapermc_ecumenical_altar_hornbeckon, serial_forest,
          infiniplex_forest_clump_tiny, infiniplex_forest_clump_small,
          infiniplex_forest_lined_3, infiniplex_forest_pool,
          infiniplex_forest_join, infiniplex_forest_end_double,
          infiniplex_forest_end_3
D:2:      layout_basic

Skill      XL: |  1 |
---------------+----+-----
Spellcasting   | 3 |  3.6
Fighting       | |  0.2
Dodging        | |  2.7
Stealth        | |  3.8
Transmutations | |  1.3
Earth Magic    | |  2.8

Action                   || total
-------------------------++-------
Melee: Dagger            ||    23
       Staff             ||    66
 Cast: Sandblast         ||    26
  Use: Potion            ||     1
 Stab: Sleeping          ||     1
Armor: Robe              ||     5
Dodge: Dodged            ||    33

Table legend: (Time is in decaauts)
 A = Elapsed time spent in this place.
 B = Non-inter-level travel time spent in this place.
 C = Inter-level travel time spent in this place.
 D = Time resting spent in this place.
 E = Time spent auto-exploring this place.
 F = Levels seen in this place.
 G = Mean time per level.
                   A        B        C        D        E       F      G
               +--------+--------+--------+--------+--------+-----+--------+
         Total |   1376 |   1369 |      7 |    469 |    695 |   2 |  688.0 |
       Dungeon |   1376 |   1369 |      7 |    469 |    695 |   2 |  688.0 |
               +--------+--------+--------+--------+--------+-----+--------+

Top non-repeatable levels by time:
     D:1: 1250 daAuts
     D:2: 126 daAuts
